 Dungeon Crawl Stone Soup version 0.26-a0-812-g31a745ddcd (webtiles) character file.

Game seed: 8275234612963676064

2 dmks the Chiller (level 1, 0/14 HPs)
             Began as a Draconian Ice Elementalist on Nov 15, 2020.
             Slain by a giant cockroach (1 damage)
             ... on level 1 of the Dungeon.
             The game lasted 00:01:32 (26 turns).

dmks the Chiller (Draconian Ice Elementalist)         Turns: 26, Time: 00:01:32

Health: 0/14       AC:  4    Str: 10    XL:     1   Next: 25%
Magic:  0/3        EV: 12    Int: 15    God:
Gold:   0          SH:  0    Dex: 11    Spells: 3/4 levels left

rFire    . . .     SeeInvis .   (no weapon)
rCold    . . .     Faith    .   (no shield)
rNeg     . . .     Spirit   .   (armour unavailable)
rPois    .         Reflect  .   (helmet restricted)
rElec    .         Harm     .   (no cloak)
rCorr    .         Rampage  .   (no gloves)
MR       .....                  (no boots)
Stlth    ++........             (no amulet)
HPRegen  0.04/turn              (no ring)
MPRegen  0.08/turn              (no ring)

@: no status effects
A: unfitting armour, cold-blooded, AC +4
a: no special abilities


You were on level 1 of the Dungeon.
You visited 1 branch of the dungeon, and saw 1 of its levels.

You aren't carrying anything.


   Skills:
 + Level 1.8 Dodging
 + Level 1.8 Stealth
 * Level 2.0 Spellcasting
 + Level 4.0 Ice Magic


You had 3 spell levels left.
You knew the following spells:

 Your Spells              Type           Power        Failure   Level
a - Freeze                Ice            ##..         4%          1

Your spell library contained the following spells:

 Spells                   Type           Power        Failure   Level
 Frozen Ramparts          Ice            ##....       13%         3
 Ozocubu's Armour         Ice            ##......     13%         3
 Hailstorm                Conj/Ice       #.......     67%         4
 Summon Ice Beast         Ice/Summ       #.......     67%         4


Dungeon Overview and Level Annotations

Branches:
Dungeon (1/15)

Altars:


Innate Abilities, Weirdness & Mutations

Your plain brown scales are hard. (AC +4)
You cannot fit into any form of body armour.
You are cold-blooded and may be slowed by cold attacks.


Message History

Options error: Bad channel -- pray (~/.crawlrc:4529) Options error: Bad channel -- food (~/.crawlrc:4532) Welcome, dmks the Draconian Ice Elementalist.
It is said that the Orb of Zot exists deep within this dungeon.
Found a short sword.
Found a staircase leading out of the dungeon.
Found a mace and a scroll labelled ANONGU CEDE.
A rat comes into view.
Found five items.
A rat is nearby!
A gnoll and a kobold come into view.
The kobold throws a stone.
The stone hits you but does no damage.
You see here a stone.
You can't see any susceptible monsters within range! (Use Z to cast anyway.)
You can't see any susceptible monsters within range! (Use Z to cast anyway.)
The kobold throws a stone.
The stone misses you. The rat misses you.
Aim: a rat You freeze the rat.
You kill the rat!
The gnoll shouts!
A kobold comes into view. It is wielding a +0 short sword.
Things that are here:
a stone; a short sword The kobold barely misses you.
Aim: a kobold You freeze the kobold.
You kill the kobold!
The kobold shouts!
Aim: a gnoll You freeze the gnoll.
The gnoll misses you.
You don't have enough magic to cast that spell.
The gnoll hits you. The gnoll hits you.
You closely miss the gnoll. The gnoll hits you!
Ouch! That really hurt!
* * * LOW HITPOINT WARNING * * *
Aim: a gnoll (lightly wounded)
You freeze the gnoll! The gnoll hits you but does no damage.
You don't have enough magic to cast that spell.
A giant cockroach comes into view.
Found 15 gold pieces.
The giant cockroach bites you.
* * * LOW HITPOINT WARNING * * *
The giant cockroach bites you.
You die...

###### ###....#
..#?!..#### ..........
.......=# ....†K..#
.$?.....# #
.[)...(.###########.$#
##....†(.....K.g@....#
#....##...<...##B...#
##..................#
##################.#
....P...PPP.♣ #


♣.P.PP..PPP♣PP #.PPPPP.PPPPPPP. #.P..♣PP.PPP.... P..P.P.♣PP .P. You could see a
gnoll, a giant cockroach and a kobold.

Vanquished Creatures
  A kobold (D:1)
  A rat (D:1)
2 creatures vanquished.

Notes
Turn   | Place    | Note
-------+----------+-------------------------------------------
     0 | D:1      | dmks the Draconian Ice Elementalist began the quest for the
                  | Orb.
     0 | D:1      | Reached XP level 1. HP: 14/14 MP: 3/3
    26 | D:1      | Slain by a giant cockroach

Illustrated notes

Levels and vault maps discovered:
D:1:      minmay_arrival_arboretum_small, layout_basic

Action                   || total
-------------------------++-------
Melee: Unarmed           ||     1
 Cast: Freeze            ||     4
Armor: Skin              ||     1
Dodge: Dodged            ||     4

Table legend: (Time is in decaauts)
 A = Elapsed time spent in this place.
 B = Non-inter-level travel time spent in this place.
 C = Inter-level travel time spent in this place.
 D = Time resting spent in this place.
 E = Time spent auto-exploring this place.
 F = Levels seen in this place.
 G = Mean time per level.
                   A        B        C        D        E       F      G
               +--------+--------+--------+--------+--------+-----+--------+
         Total |     26 |     26 |      0 |      0 |      2 |   1 |   26.0 |
       Dungeon |     26 |     26 |      0 |      0 |      2 |   1 |   26.0 |
               +--------+--------+--------+--------+--------+-----+--------+

Top non-repeatable levels by time:
     D:1: 26 daAuts
